 Dungeon Crawl Stone Soup version 0.20.0-10-g0535bb4 (webtiles) character file.

96 maniacrov the Poker (level 4, 0/34 HPs)
             Began as a Merfolk Gladiator on June 3, 2017.
             Was an Initiate of Makhleb.
             Succumbed to a kobold's poison
             ... on level 3 of the Dungeon.
             The game lasted 00:13:03 (1399 turns).

maniacrov the Poker (Merfolk Gladiator)             Turns: 1399, Time: 00:13:04

Health: 0/34       AC:  3    Str: 15    XL:     4   Next: 67%
Magic:  3/3        EV: 14    Int:  7    God:    Makhleb [......]
Gold:   94         SH:  0    Dex: 15    Spells: 3/3 levels left

rFire    . . .     SeeInvis .   a - +0 trident
rCold    . . .     Gourm    .   (no shield)
rNeg     . . .     Faith    .   b - +0 leather armour
rPois    .         Spirit   .   (helmet restricted)
rElec    .         Reflect  .   (no cloak)
rCorr    .         Harm     .   (no gloves)
MR       .....                  (no boots)
Stlth    +.........             (no amulet)
Regen    0.2/turn               (no ring)
MPRegen  0.1/turn               (no ring)

@: lethally poisoned (0 -> -4)
A: change form in water, swift swim, stealthy swim, horns 2, deterioration 1,
low mp 1
a: Renounce Religion


You were on level 3 of the Dungeon.
You worshipped Makhleb.
Makhleb was noncommittal.
You were not hungry.

You visited 1 branch of the dungeon, and saw 3 of its levels.

You collected 94 gold pieces.

Inventory:

Hand Weapons
 a - a +0 trident (weapon)
Missiles
 d - a throwing net (quivered)
Armour
 b - a +0 leather armour (worn)
 c - a +1 helmet
 k - a +0 scale mail
 m - a +0 pair of boots
Scrolls
 j - a scroll of fear
Potions
 h - a potion of cancellation
 i - a potion of haste
Comestibles
 f - 4 bread rations
 g - a meat ration
 l - 2 fruits
 p - a royal jelly


   Skills:
 - Level 2.5 Fighting
 - Level 5.9 Polearms
 + Level 3.1 Throwing
 - Level 0.1 Armour
 - Level 4.5 Dodging
 - Level 0.8 Stealth


You had 3 spell levels left.
You didn't know any spells.

Dungeon Overview and Level Annotations

Branches:
Dungeon (3/15)

Altars:
Ashenzari
Elyvilon
Makhleb
Qazlal


Innate Abilities, Weirdness & Mutations

You revert to your normal form in water.
You are very nimble and swift while swimming.
You are very stealthy in the water. (Stealth+)
You have a pair of horns on your head.
Your body sometimes deteriorates upon taking damage.
Your magical capacity is low. (-10% MP)


Message History

* * * LOW HITPOINT WARNING * * *
You feel sick.
Found a scroll of identify.
* * * LOW HITPOINT WARNING * * *
You feel sick.
* * * LOW HITPOINT WARNING * * *
You feel sick.
* * * LOW HITPOINT WARNING * * *
You feel sick.
* * * LOW HITPOINT WARNING * * *
You feel sick.
* * * LOW HITPOINT WARNING * * *
You feel sick. 2 orcs come into view.
* * * LOW HITPOINT WARNING * * *
You feel sick.
The orc shouts!
* * * LOW HITPOINT WARNING * * *
You feel sick.
You die...

############# ##.....#.....##
##............^##
#...............#
*##...............# *######******
*#..........(.)...###.....#.,,,,*
*#......(..........#........,,,,,
##..........................,,,,,
..........((....@..........o,,,,,
##...............##....o....,,,,,
..........#.....###.........,,,,,
##.......>.#.#### #...?.....,,,,,
*#...[..#..#...## #.........,,,,,
*#......#....#..####........,,,,,
*####...#........####.......,,,,,
* #...#...†.....##*###.###*,,,, *
#<..........#..##***,***,,,,,


You could see an orc.

Vanquished Creatures
  An ooze (D:1)
  5 worms
  4 dart slugs
  3 leopard geckos (D:1)
  3 giant cockroaches
  6 goblins
  11 hobgoblins
  3 jackals (D:3)
  2 quokkas
  3 ball pythons
  7 bats
  3 frilled lizards
  5 kobolds
  6 rats
62 creatures vanquished.

Notes
Turn   | Place    | Note
-------+----------+-------------------------------------------
     0 | D:1      | maniacrov the Merfolk Gladiator began the quest for the Orb.
     0 | D:1      | Reached XP level 1. HP: 16/16 MP: 1/1
    96 | D:1      | Reached XP level 2. HP: 13/22 MP: 2/2
   145 | D:1      | Reached skill level 5 in Polearms
   341 | D:1      | Reached XP level 3. HP: 20/27 MP: 3/3
   622 | D:2      | Found a white marble altar of Elyvilon.
   754 | D:2      | Reached XP level 4. HP: 22/34 MP: 4/4
   926 | D:2      | Found a shattered altar of Ashenzari.
  1325 | D:3      | Gained mutation: You have a pair of small horns on your head. [potion of mutation]
  1325 | D:3      | Gained mutation: Your body sometimes deteriorates upon taking damage. [potion of mutation]
  1325 | D:3      | Gained mutation: Your magical capacity is low. (-10% MP) [potion of mutation]
  1325 | D:3      | Gained mutation: You have a pair of horns on your head. [potion of mutation]
  1334 | D:3      | Found a burning altar of Makhleb.
  1334 | D:3      | Found a stormy altar of Qazlal.
  1342 | D:3      | Became a worshipper of Makhleb the Destroyer
  1397 | D:3      | HP: 1/34 [poisoned by a kobold]
  1399 | D:3      | Succumbed to a kobold's poison

Skill      XL: |  1  2  3  4 |
---------------+-------------+-----
Polearms       | 5 |  5.9
Throwing       | 3 |  3.1
Fighting       | |  2.5
Armour         | |  0.1
Dodging        | |  4.5
Stealth        | |  0.8

Action                   |  1- 3 |  4- 6 || total
-------------------------+-------+-------++-------
Melee: Trident           |   105 |    88 ||   193
       Tailslap          |     1 |       ||     1
       Headbutt          |       |     3 ||     3
Throw: Throwing net      |     2 |       ||     2
  Use: Scroll            |     2 |     3 ||     5
       Potion            |       |     3 ||     3
 Stab: Sleeping          |     1 |     1 ||     2
  Eat: Meat ration       |       |     1 ||     1
Armor: Leather armour    |    32 |    33 ||    65
Dodge: Dodged            |    81 |    67 ||   148
